 Dungeon Crawl Stone Soup version 0.31-a0-121-g1e386dd289 (webtiles) character file.

Game seed: 4573462480724377445

2792 MacCMillion the Skirmisher (level 9, -1/45 HPs)
             Began as a Spriggan Hunter on June 1, 2023.
             Was an Initiate of Okawaru.
             Killed by divine providence
             ... invoked by an orc high priest
              (9 damage)
             ... on level 8 of the Dungeon.
             The game lasted 00:19:29 (10479 turns).

MacCMillion the Skirmisher (Spriggan Hunter)       Turns: 10479, Time: 00:19:30

Health: -1/45      AC:  3    Str:  7    XL:     9   Next: 43%
Magic:  10/10      EV: 22    Int: 17    God:    Okawaru [......]
Gold:   398        SH:  0    Dex: 22    Spells: 8/8 levels left

rFire   . . .        a - +1 shortbow
rCold   . . .        (shield currently unavailable)
rNeg    . . .        c - +0 robe
rPois   .            (helmet restricted)
rElec   .            o - +0 cloak
rCorr   .            (gloves unavailable)
SInv    +            (boots unavailable)
Will    ++...        (no amulet)
Stlth   +++          d - ring of willpower
HPRegen 0.27/turn    r - +6 ring of intelligence
MPRegen 0.12/turn

%: no passive effects
@: mighty, very quick
A: very small, no large weapons, unfitting armour, see invisible, speed 3
a: Renounce Religion


You were on level 8 of the Dungeon.
You worshipped Okawaru.
Okawaru was noncommittal.
You visited 2 branches of the dungeon, and saw 9 of its levels.
You also visited: Ossuary and Bailey.

You collected 398 gold pieces.

Inventory:

Hand Weapons
 a - a +1 shortbow (weapon)
Armour
 c - a +0 robe (worn)
 o - a +0 cloak (worn)
Jewellery
 d - a ring of willpower (left hand)
 r - a +6 ring of intelligence (right hand)
Wands
 n - a wand of flame (31)
Scrolls
 b - 2 scrolls of butterflies
 e - a scroll of brand weapon
 j - a scroll of enchant armour
 l - a scroll of silence {unknown}
 p - 2 scrolls of poison
 s - a scroll of immolation
 v - 2 scrolls of amnesia {unknown}
 w - 2 scrolls of teleportation {unknown}
 y - 3 scrolls of enchant weapon
 C - 2 scrolls of blinking {unknown}
 E - a scroll of fog {unknown}
 F - a scroll of acquirement {unknown}
 G - a scroll of fear {unknown}
Potions
 g - 3 potions of cancellation
 h - 2 potions of heal wounds
 i - a potion of enlightenment {unknown}
 k - 2 potions of resistance
 m - 3 potions of attraction
 q - 2 potions of haste
 t - 4 potions of mutation
 u - 3 potions of lignification
 x - 10 potions of degeneration
 z - 2 potions of invisibility
 A - a potion of curing {unknown}
 B - a potion of brilliance {unknown}
 D - 2 potions of magic
 H - 2 potions of ambrosia {unknown}


   Skills:
 + Level 4.0 Fighting
 * Level 11.8 Ranged Weapons
 + Level 6.5 Dodging
 - Level 4.0 Stealth


You had 8 spell levels left.
You didn't know any spells.
Your spell library contained the following spells:

 Spells                   Type           Power      Damage    Failure   Level
 Magic Dart               Conj           0%         1d3       24%         1
 Slow                     Hex            0%         N/A       24%         1
 Ensorcelled Hibernation  Hex/Ice        0%         N/A       34%         2
 Lesser Beckoning         Tloc           0%         N/A       34%         2
 Passwall                 Tmut/Erth      0%         N/A       34%         2
 Confusing Touch          Hex            0%         N/A       56%         3
 Gell's Gravitas          Tloc           0%         N/A       56%         3
 Mephitic Cloud           Conj/Pois/Air  0%         N/A       56%         3
 Swiftness                Air            0%         N/A       56%         3
 Teleport Other           Tloc           0%         N/A       56%         3
 Vampiric Draining        Necr           0%         2d6       56%         3
 Dispersal                Tloc           0%         N/A       100%        6
 Call Imp                 Summ           Unusable   N/A       N/A         2

Dungeon Overview and Level Annotations

Branches:
Dungeon (8/15)             Temple (1/1) D:7         Ossuary (visited)
 Bailey (visited)
   Lair: D:8-11

Altars:
Ashenzari
Cheibriados
Elyvilon
Fedhas
Gozag
Hepliaklqana
Kikubaaqudgha
Nemelex Xobeh
Okawaru
Qazlal
Ru
Sif Muna
Trog
Uskayaw
Vehumet
Wu Jian
Yredelemnul

Shops:
D:4 [:[:

Annotations:
D:6 3 runed translucent doors, exclusions: skeletal warrior and 1 more exclusion, Eustachio; metalmilita's ghost, novice DjFE
D:7 Maurice
D:8 2 transporters


Innate Abilities, Weirdness & Mutations

You are very small and have problems with some larger weapons.
You are too small for most types of armour.
You have supernaturally acute eyesight. (SInv)
You cover ground extremely quickly. (Speed+++)


Message History

The arrow hits the orc high priest but does no damage.
The orc high priest is moderately wounded.
The orc high priest completely misses you.
The chaos spawn hits you! You resist with almost no effort.
The chaos spawn closely misses you.
Fire: a) +0 shortbow
Press: ? - help, Q - select action, (/) - cycle Shift-Dir - straight line, f/p - orc high priest
Aim: an orc high priest, wielding a +0 war axe and wearing a +0 scale mail (moderately wounded, 67% to hit)
You shoot an arrow.
The arrow hits the orc high priest but does no damage.
The orc high priest is moderately wounded.
The orc high priest completely misses you.
Fire: a) +0 shortbow
Press: ? - help, Q - select action, (/) - cycle Shift-Dir - straight line, f/p - orc high priest
Aim: an orc high priest, wielding a +0 war axe and wearing a +0 scale mail (moderately wounded, 67% to hit)
Okay, then.
The chaos spawn gores you!
* * * LOW HITPOINT WARNING * * *
The chaos spawn draws strength from your injuries!
The chaos spawn hits you.
* * * LOW HITPOINT WARNING * * *
The orc high priest completely misses you.
Welcome back to the Dungeon!
The chaos spawn degenerates into a cloud of primal chaos! x2
Level annotation: 2 transporters
There is an empty arch of ancient stone here.
The air fills with toxic fumes!
As you read the scroll labelled NEULON LUS POQ, it crumbles to dust.
It was a scroll of poison.
The orc high priest completely misses you.
As you read the scroll labelled ATABUGEUREI, it crumbles to dust.
The creatures around you are filled with an inner flame!
It was a scroll of immolation.
The orc high priest prays to Beogh.
As you read the scroll labelled JOSOIWOIBE, it crumbles to dust.
It is a scroll of enchant weapon.
Your +0 shortbow glows red for a moment.
The orc high priest invokes the aid of Beogh against you.
Beogh smites you!
You die...

.....................#
.........§§####§§§§§.##
...≈≈§≈≈.§§§§##§§§§#.§#
...○≈≈≈≈.§§§§§§§§§§##§#
...≈☼○§☼.§§§§§§§8§§§§§#
.#.≈≈§≈≈.§§§§8§§§§§8§§#
##.≈≈≈≈≈.§§§§§§§§3§§§§#
..§§§§§§o§§§§§§#
..§§8§§§§@§§§§8#
..§§§§§§§§§§§§§#
..§§§§§§§§§§§§§#
).§§§§8§§§§§8§§#
##§§§§§§8§§§§§#
##############


You could see an orc high priest (inner flame) and a neqoxec (summoned).

Vanquished Creatures
  2 wyverns (D:4)
  A human (D:3)
  A water moccasin (D:7)
  3 orc warriors
  An ice beast (D:4)
  A black bear (D:5)
  An ogre (D:7)
  A kobold brigand (D:7)
  A bullfrog (D:8)
  A gnoll sergeant (D:5)
  3 scorpions
  9 wights
  2 howler monkeys (D:8)
  A centaur zombie (Ossuary)
  A jelly (D:6)
  A hound (D:6)
  3 orc priests
  5 iguanas
  3 sleepcaps
  2 orc wizards (D:7)
  2 mummies (Ossuary)
  10 gnolls
  10 adders
  2 shadow imps
  A white imp (D:6)
  3 dart slugs
  22 orcs
  5 endoplasms
  5 giant cockroaches
  11 goblins
  11 hobgoblins
  4 jackals (D:3)
  14 kobolds
  6 quokkas
  10 ball pythons
  7 bats
  2 frilled lizards (D:1)
  2 goblin zombies (Ossuary)
  2 hobgoblin zombies (Ossuary)
  A kobold zombie (Ossuary)
  2 orc zombies (Ossuary)
  5 rats
180 creatures vanquished.

Notes
Turn   | Place    | Note
-------+----------+-------------------------------------------
     0 | D:1      | MacCMillion the Spriggan Hunter began the quest for the
                  | Orb.
     0 | D:1      | Reached XP level 1. HP: 10/10 MP: 2/2
   399 | D:1      | Reached XP level 2. HP: 14/14 MP: 3/3
   787 | D:2      | Reached XP level 3. HP: 18/18 MP: 4/4
  1925 | D:3      | Reached skill level 5 in Ranged Weapons
  1994 | D:3      | Reached XP level 4. HP: 22/22 MP: 5/5
  2029 | D:3      | Found a runed translucent door.
  2029 | D:3      | Noticed a human
  2045 | D:3      | Found a basalt altar of Yredelemnul.
  2314 | D:3      | Reached XP level 5. HP: 25/25 MP: 6/6
  2695 | D:3      | Killed a human
  2696 | D:3      | Reached skill level 7 in Ranged Weapons
  2696 | D:3      | Reached XP level 6. HP: 10/30 MP: 7/7
  3085 | D:4      | Found Caumiame's Armour Emporium.
  3207 | D:4      | Found a transporter.
  3209 | D:4      | Found Cesch's Book Boutique.
  3231 | D:4      | Found Atuiv's Antique Armour Shoppe.
  3432 | D:4      | Found an iron altar of Okawaru.
  3432 | D:4      | Noticed an ice beast
  3456 | D:4      | Killed an ice beast
  3457 | D:4      | Reached skill level 8 in Ranged Weapons
  3576 | D:4      | Found Wabbacw's Book Shoppe.
  3687 | D:4      | Found a transporter.
  3794 | D:4      | Found a hide-covered altar of Uskayaw.
  3900 | D:5      | Entered Level 5 of the Dungeon
  3955 | D:5      | Reached XP level 7. HP: 24/33 MP: 8/8
  4018 | D:5      | Found a sand-covered staircase.
  4023 | Ossuary  | Entered an ossuary
  4578 | D:5      | Noticed a wyvern
  4646 | D:4      | Killed a wyvern
  4789 | D:5      | Reached skill level 9 in Ranged Weapons
  5059 | D:5      | Noticed a wyvern
  5166 | D:4      | Killed a wyvern
  5167 | D:4      | Reached XP level 8. HP: 30/37 MP: 9/9
  5538 | D:5      | Reached skill level 10 in Ranged Weapons
  6302 | D:6      | Noticed Eustachio
  6962 | D:6      | Noticed a skeletal warrior
  6962 | D:6      | Noticed a skeletal warrior
  6990 | D:6      | Noticed a skeletal warrior
  7720 | D:6      | Found a runed translucent gate.
  7720 | D:6      | Found a runed translucent gate.
  7721 | D:6      | Found a runed translucent gate.
  7722 | D:6      | Noticed metalmilita's ghost (novice DjFE)
  8007 | D:7      | Found a faded altar of an unknown god.
  8007 | D:7      | Found a faded altar of an unknown god.
  8299 | D:7      | Reached skill level 11 in Ranged Weapons
  8299 | D:7      | Reached skill level 5 in Dodging
  8501 | D:7      | Found a bloodstained altar of Trog.
  8680 | D:7      | Reached XP level 9. HP: 37/44 MP: 10/10
  8782 | D:7      | Found a staircase to the Ecumenical Temple.
  8815 | Temple   | Entered the Ecumenical Temple
  8898 | D:4      | Became a worshipper of Warmaster Okawaru
  8994 | D:7      | Identified the +0 dagger of Abomination {drain, Fragile
                  | rPois rN+ rCorr}
  9070 | D:7      | Found an opulent altar of Gozag.
  9370 | D:7      | Found a hazy altar of Hepliaklqana.
  9647 | D:8      | Found a transporter.
  9660 | D:8      | Noticed Maurice
  9716 | D:8      | Found a stormy altar of Qazlal.
  9725 | D:8      | Found a transporter.
  9893 | D:8      | Found a shimmering blue altar of Sif Muna.
  9920 | D:8      | Found a sacrificial altar of Ru.
  9994 | D:8      | Found a flagged portal.
 10004 | Bailey   | Entered a bailey
 10388 | Bailey   | Noticed an orc high priest
 10394 | Bailey   | Noticed a sun demon
 10396 | Bailey   | Noticed a red devil
 10479 | D:8      | Killed from afar by an orc high priest

Illustrated notes

Levels and vault maps discovered:
D:1:      mrwooster_arrival_statue, layout_basic
D:2:      layout_basic
D:3:      layout_basic, dk_yredelemnul_ordeal, minmay_circle_x
D:4:      layout_loops_ring, nicolae_uskayaw_dance_hall, okawaru_trees_1,
          serial_shops, shop, nicolae_shop_stone, shop, nicolae_shop_drivethru,
          minmay_crossroads
D:5:      layout_basic, nicolae_ossuary_entry_false_entrances
D:6:      layout_loops_corners, ebering_ghost_rock_garden, uniq_eustachio
D:7:      layout_basic, nicolae_hepliaklqana_ecumenical_no_more,
          grunt_gozag_breadcrumbs, lemuel_tele_altar, minmay_temple_entry_grid
D:8:      gammafunk_steamed_eel, layout_cave_pools, makhleb_blood_cavern_becter,
          grunt_qazlal_clouds, nicolae_ru_path_of_blood,
          nicolae_sif_muna_condensation, enter_bailey_6, uniq_maurice
Temple:   hellmonk_temple_micro_hex

Skill      XL: |  1  2  3  4  5  6  7  8  9 |
---------------+----------------------------+-----
Stealth        | 2 3 4 |  4.0
Ranged Weapons | 5 7 8 9 11 | 11.8
Dodging        | 5 6 |  6.5
Fighting       | 3 4 |  4.0

Action                     |  1- 3 |  4- 6 |  7- 9 || total
---------------------------+-------+-------+-------++-------
   Fire: Shortbow          |   117 |   145 |   589 ||   851
    Use: Scroll            |       |       |    12 ||    12
         Potion            |       |       |     1 ||     1
 Armour: Robe              |     3 |     4 |    16 ||    23
  Dodge: Dodged            |    28 |    25 |   131 ||   184

Table legend: (Time is in decaauts)
 A = Elapsed time spent in this place.
 B = Non-inter-level travel time spent in this place.
 C = Inter-level travel time spent in this place.
 D = Time resting spent in this place.
 E = Time spent auto-exploring this place.
 F = Levels seen in this place.
 G = Mean time per level.
                   A        B        C        D        E       F      G
               +--------+--------+--------+--------+--------+-----+--------+
         Total |   7780 |   7376 |    404 |   2481 |   3058 |  11 |  707.3 |
       Dungeon |   6911 |   6507 |    404 |   1938 |   3011 |   8 |  863.9 |
        Temple |      1 |      1 |      0 |      0 |      0 |   1 |    1.0 |
       Ossuary |    461 |    461 |      0 |    287 |     47 |   1 |  461.0 |
        Bailey |    406 |    406 |      0 |    255 |      0 |   1 |  406.0 |
               +--------+--------+--------+--------+--------+-----+--------+

Top non-repeatable levels by time:
     D:6: 1471 daAuts
     D:7: 1356 daAuts
     D:4: 1048 daAuts
     D:5: 775 daAuts
     D:3: 774 daAuts
     D:2: 718 daAuts
     D:1: 600 daAuts
 Ossuary: 461 daAuts
  Bailey: 406 daAuts
     D:8: 165 daAuts
  Temple: 1 daAuts
